 Dungeon Crawl Stone Soup version 0.20.1-1-g8b1a95d (webtiles) character file.

1539 Salad the Poker (level 8, -16/73 HPs)
             Began as a Red Draconian Monk on July 12, 2017.
             Was a Believer of the Shining One.
             Demolished by an orc warrior
             ... wielding a +0 dire flail
              (23 damage)
             ... on level 6 of the Dungeon.
             The game lasted 00:12:24 (6579 turns).

Salad the Poker (Red Draconian Monk)                Turns: 6579, Time: 00:12:24

Health: -16/73     AC:  7    Str: 14    XL:     8   Next: 56%
Magic:  7/10       EV: 15    Int: 12    God:    the Shining One [**....]
Gold:   272        SH:  7    Dex: 14    Spells: 7/7 levels left

rFire    + + .     SeeInvis .   c - +0 spear
rCold    + . .     Gourm    .   (no shield)
rNeg     + . .     Faith    .   (armour unavailable)
rPois    +         Spirit   .   (helmet restricted)
rElec    +         Reflect  .   (no cloak)
rCorr    +         Harm     .   a - +0 pair of gloves
MR       .....                  (no boots)
Stlth    +.........             (no amulet)
Regen    0.3/turn               (no ring)
MPRegen  0.2/turn               (no ring)

@: divine shield, short of breath, resistant, very slightly contaminated,
glowing
A: breathe fire, unfitting armour, fire resistance 1, cold-blooded, AC +6
a: Breathe Fire, Divine Shield, Renounce Religion


You were on level 6 of the Dungeon.
You worshipped the Shining One.
The Shining One was pleased with you.
You were not hungry.

You visited 2 branches of the dungeon, and saw 7 of its levels.
You also visited: Sewer.

You collected 272 gold pieces.

Inventory:

Hand Weapons
 c - a +0 spear (weapon)
Armour
 a - a +0 pair of gloves (worn)
Wands
 p - a wand of digging (12/24)
Scrolls
 d - 2 scrolls of teleportation
 e - 2 scrolls of remove curse
 h - a scroll of blinking
 l - 2 scrolls of enchant weapon {unknown}
 o - 2 scrolls of noise
 q - a scroll of immolation {unknown}
Potions
 m - a potion of brilliance {unknown}
 n - a potion of degeneration {unknown}
 r - a potion of mutation {unknown}
 s - a potion of invisibility {unknown}
 u - a potion of resistance
Comestibles
 b - 3 bread rations
 i - 7 fruits
 j - 4 meat rations
 k - a royal jelly
 t - 4 chunks of flesh


   Skills:
 - Level 7.0 Fighting
 - Level 7.1 Polearms
 * Level 5.6 Dodging
 - Level 1.7 Stealth
 + Level 3.7 Invocations


You had 7 spell levels left.
You didn't know any spells.

Dungeon Overview and Level Annotations

Branches:
Dungeon (6/15)             Temple (1/1) D:5

Altars:
Ashenzari
Cheibriados
Dithmenos
Elyvilon
Fedhas
Gozag
Kikubaaqudgha
Makhleb
Nemelex Xobeh
Okawaru
Qazlal
Ru
Sif Muna
Trog
Uskayaw
Vehumet
Xom
Yredelemnul
Zin
The Shining One


Innate Abilities, Weirdness & Mutations

You can breathe blasts of fire.
Your fiery red scales are hard. (AC +6)
You cannot fit into any form of body armour.
Your flesh is heat resistant. (rF+)
You are cold-blooded and may be slowed by cold attacks.


Message History

Attack whom?
Press: ? - help, Dir - move target cursor, f/p - orc warrior
Aim: an orc warrior, wielding a dire flail and wearing a chain mail (heavily wounded, haloed)
You reach to attack!
You hit the orc warrior.
The orc warrior is severely wounded.
Attack whom?
Press: ? - help, Dir - move target cursor, f/p - orc warrior
Aim: an orc warrior, wielding a dire flail and wearing a chain mail (severely wounded, haloed)
You hit the orc warrior but do no damage.
The orc warrior is severely wounded.
The orc warrior hits you with a dire flail!
* * * LOW HITPOINT WARNING * * *
It was a potion of resistance.
You feel protected. The orc warrior closely misses you.
You block the orc wizard's attack.
You hit the orc warrior but do no damage.
You tail-slap the orc warrior, but do no damage.
The orc warrior is severely wounded.
The orc warrior hits you with a dire flail!!
You die...

..# ..#####. ..........
.......... ......... #####
.....#.# #..@# ...#...###
#.oo# .......... ?.....#
#......# ####...#
##.....### ..ยง.##
##..#....####.....#.....##
##..#.##.#o..............##
..........)...............#
##..#....##...[(..........#


You could see an orc warrior and an orc wizard.

Vanquished Creatures
  The ghost of appiemonkey the Insei, an amateur MfTm (D:3)
  An ice beast (D:5)
  A phantom (D:5)
  Purgy (Sewer)
  3 ogres
  2 centaurs (D:5)
  Blork the orc (D:4)
  A bullfrog (D:6)
  A bullfrog zombie (D:6)
  3 orc priests (D:5)
  3 hounds
  4 orc wizards
  An iguana (D:5)
  3 worker ants
  3 gnolls (D:4)
  7 adders
  An adder skeleton (D:6)
  2 worms (D:2)
  A dart slug (D:1)
  4 leopard geckos
  11 orcs
  5 giant cockroaches
  5 goblins
  6 hobgoblins
  12 jackals
  12 kobolds
  A quokka (D:3)
  2 ball pythons (D:4)
  3 bats
  6 frilled lizards
  A leopard gecko skeleton (D:4)
  6 rats
114 creatures vanquished.

Notes
Turn   | Place    | Note
-------+----------+-------------------------------------------
     0 | D:1      | Salad the Draconian Monk began the quest for the Orb.
     0 | D:1      | Reached XP level 1. HP: 19/19 MP: 1/1
   116 | D:1      | Reached XP level 2. HP: 26/27 MP: 2/2
   348 | D:1      | Reached XP level 3. HP: 34/34 MP: 3/3
   910 | D:2      | Reached skill level 5 in Fighting
  1474 | D:2      | Reached XP level 4. HP: 42/42 MP: 4/4
  1588 | D:3      | Noticed appiemonkey's ghost (amateur MfTm)
  1668 | D:3      | Killed appiemonkey's ghost
  1668 | D:3      | Reached XP level 5. HP: 10/51 MP: 5/5
  2153 | D:3      | Found an iron altar of Okawaru.
  2504 | D:4      | Noticed Blork the orc
  2527 | D:4      | Killed Blork the orc
  2527 | D:4      | Reached XP level 6. HP: 28/60 MP: 6/6
  2799 | D:4      | Found a glowing drain.
  2810 | Sewer    | Entered a sewer
  3130 | Sewer    | Noticed Purgy
  3183 | Sewer    | Killed Purgy
  3183 | Sewer    | Reached skill level 5 in Polearms
  3548 | D:4      | Your scales start taking on a fiery red colour.
  3548 | D:4      | Reached XP level 7. HP: 19/66 MP: 7/7
  3548 | D:4      | Gained mutation: Your flesh is heat resistant. (rF+) [Red Draconian growth]
  4175 | D:5      | Entered Level 5 of the Dungeon
  4431 | D:5      | Found a glowing silver altar of Zin.
  4695 | D:5      | Found a staircase to the Ecumenical Temple.
  4707 | Temple   | Entered the Ecumenical Temple
  4929 | Temple   | Became a worshipper of the Shining One
  4929 | Temple   | Reached * piety under the Shining One
  4929 | Temple   | Reached ** piety under the Shining One
  5032 | D:5      | Reached skill level 1 in Invocations
  5540 | D:5      | Reached XP level 8. HP: 41/73 MP: 9/9
  6356 | D:5      | Reached skill level 5 in Dodging
  6525 | D:6      | Found a glowing silver altar of Zin.
  6579 | D:6      | Demolished by an orc warrior

Skill      XL: |  1  2  3  4  5  6  7  8 |
---------------+-------------------------+-----
Fighting       | 4 5 6 7 |  7.0
Polearms       | 5 7 |  7.1
Dodging        | 3 5 |  5.6
Invocations    | 2 3 |  3.7
Stealth        | |  1.7

Action                   |  1- 3 |  4- 6 |  7- 9 || total
-------------------------+-------+-------+-------++-------
Melee: Spear             |   128 |   273 |   276 ||   677
       Tailslap          |    10 |    25 |    34 ||    69
Invok: Divine Shield     |       |       |     1 ||     1
 Abil: Breathe Fire      |       |       |     7 ||     7
  Use: Scroll            |     2 |     1 |     5 ||     8
       Potion            |       |     2 |     4 ||     6
 Stab: Sleeping          |     9 |     2 |     2 ||    13
  Eat: Chunk             |     2 |     3 |     5 ||    10
       Fruit             |       |     1 |       ||     1
       Bread ration      |       |     1 |     1 ||     2
Armor: Skin              |    15 |   109 |    36 ||   160
Dodge: Dodged            |    42 |   156 |   119 ||   317
Block: Other             |       |       |     1 ||     1
